 Dungeon Crawl Stone Soup version 0.31.0-12-g77e489cdc1 (webtiles) character file.

Game seed: 13397965104900531089

30 Bobsterar the Changeling (level 3, -3/23 HPs)
             Began as an Octopode Shapeshifter on Mar 7, 2024.
             Slain by Crazy Yiuf
             ... wielding a +4 quarterstaff of chaos
              (19 damage)
             ... on level 2 of the Dungeon.
             The game lasted 00:01:55 (750 turns).

Bobsterar the Changeling (Octopode Shapeshifter)     Turns: 750, Time: 00:01:55

Health: -3/23      AC:  9    Str: 13    XL:     3   Next: 20%
Magic:  3/3        EV: 13    Int: 12    God:
Gold:   27         SH:  0    Dex: 13    Spells: 3/3 levels left

rFire   x x          .
                       - Unarmed
rCold   x x .        (no shield)
rNeg    . . .        (helmet currently unavailable)
rPois   +            j - amulet of Elemental Vulnerability {rPois rF-- rC-- AC+8}
rElec   .            (no ring)
rCorr   .            (no ring)
SInv    .            (no ring)
Will    .....        (no ring)
Stlth   ++           (no ring)
HPRegen 0.23/turn    (no ring)
MPRegen 0.08/turn    (no ring)
                     (no ring)

%: no passive effects
@: beast-form, slowed, very slow
A: beast (slay +1), almost no armour, amphibious, 8 rings, camouflage 1,
gelatinous body 1, (nimble swimmer 1), tentacles
a: Begin Untransformation


You were on level 2 of the Dungeon.
You were a hulking beast.
You visited 1 branch of the dungeon, and saw 2 of its levels.

You collected 27 gold pieces.

Inventory:

Jewellery
 j - the amulet of Elemental Vulnerability (around mantle) {rPois rF-- rC-- AC+8}
   (You found it on level 2 of the Dungeon)

   [amulet of nothing]

   AC+8:      It affects your AC (+8).
   rF--:      It makes you very vulnerable to fire.
   rC--:      It makes you very vulnerable to cold.
   rPois:     It protects you from poison
Talismans
 b - a beast talisman (active)
 c - a flux talisman
Scrolls
 f - a scroll of fear {unknown}
 h - a scroll of teleportation {unknown}
 i - a scroll of identify {unknown}
Potions
 a - a potion of lignification
 d - a potion of haste {unknown}
 e - a potion of enlightenment {unknown}
 g - 2 potions of heal wounds {unknown}


   Skills:
 + Level 1.5 Fighting
 + Level 2.2 Dodging
 - Level 0.7 Stealth
 + Level 3.1 Unarmed Combat
 + Level 0.6 Spellcasting
 * Level 3.3 Shapeshifting


You had 3 spell levels left.
You didn't know any spells.
Your spell library was empty.

Dungeon Overview and Level Annotations

Branches:
Dungeon (2/15)

Altars:

Annotations:
D:2 Crazy Yiuf


Innate Abilities, Weirdness & Mutations

You are a hulking beast.
Your limbs bulge with bestial killing power. (Slay +1)
You cannot wear most types of armour.
You are amphibious.
You can wear up to eight rings at the same time.
Your skin changes colour to match your surroundings (Stealth+).
Your rubbery body absorbs attacks. (AC +1, EV +1)
((You are camouflaged when in or above water. (Stealth+)))
You have tentacles for arms and can constrict up to eight enemies at once.


Message History

You tentacle-slap the endoplasm.
The endoplasm is moderately wounded.
You feel sick.
You are no longer poisoned.
The endoplasm closely misses you.
You completely miss the endoplasm. You squeeze the endoplasm.
You kill the endoplasm!
No target in view!
No target in view!
Found an escape hatch in the floor.
j - the amulet of Elemental Vulnerability {rPois rF-- rC-- AC+8} You start putting on your amulet.
You continue putting on the amulet of Elemental Vulnerability {rPois rF-- rC-- AC+8}. x2
You stop putting on your amulet.
g - 2 puce potions (gained 1)
There is a stone staircase leading down here.
A ball python comes into view.
No target in view!
No target in view!
No target in view!
You start putting on your amulet.
You continue putting on the amulet of Elemental Vulnerability {rPois rF-- rC-- AC+8}. x5
You finish putting on the amulet of Elemental Vulnerability {rPois rF-- rC-- AC+8}.
j - the amulet of Elemental Vulnerability (around mantle) {rPois rF-- rC-- AC+8} A ball python is nearby!
No target in view!
No target in view!
No target in view!
Crazy Yiuf shouts!
No reachable target in view!
You open the door.
Crazy Yiuf says, "Spliff!"
Crazy Yiuf hits you but does no damage.
You feel yourself slow down.
There is an open translucent door here.
You tentacle-slap Crazy Yiuf. Your grab misses Crazy Yiuf.
Crazy Yiuf is lightly wounded.
Crazy Yiuf hits you with a +4 quarterstaff of chaos!
You are electrocuted!!
Ouch! That really hurt!
You die...

##### ####
#..)# ...#
#...# .#.#
#.g.# .#.# #
#h# .#.#
#####.# ##.#
.#.# ......#
#.## .#.#
......# ##.#
...##......#
#.## ##...#
##.## ##.#.#
#...##
##.#.##
#....#
...#..#
#....#


You could see Crazy Yiuf.

Vanquished Creatures
  An adder (D:2)
  A dart slug (D:1)
  A ball python (D:2)
  4 endoplasms
  3 giant cockroaches
  A goblin (D:2)
  A kobold (D:1)
  2 quokkas (D:1)
  2 bats (D:2)
  A frilled lizard (D:1)
17 creatures vanquished.

Notes
Turn   | Place    | Note
-------+----------+-------------------------------------------
     0 | D:1      | Bobsterar the Octopode Shapeshifter began the quest for the
                  | Orb.
     0 | D:1      | Reached XP level 1. HP: 13/13 MP: 1/1
   195 | D:1      | Reached XP level 2. HP: 16/18 MP: 2/2
   638 | D:2      | Found a runed translucent door.
   639 | D:2      | Noticed Crazy Yiuf
   689 | D:2      | Reached XP level 3. HP: 16/23 MP: 3/3
   689 | D:2      | Found the amulet of Elemental Vulnerability {rPois rF--
                  | rC-- AC+8}
   750 | D:2      | Slain by Crazy Yiuf

Illustrated notes

Levels and vault maps discovered:
D:1:      kilobyte_arrival_exit_the_forest, layout_basic, hangedman_decor_lopped
D:2:      layout_basic, uniq_robin, uniq_crazy_yiuf_cottage

Action                     || total
---------------------------++-------
  Melee: Unarmed           ||    31
         Constrict         ||     7
         Tentacles         ||     6
         Punch             ||     4
   Stab: Sleeping          ||     5
 Armour: Skin              ||    14
  Dodge: Dodged            ||     9
   Form: Beast             ||     1
